 Dungeon Crawl Stone Soup version 0.28.0-53-g5a82cb258f (webtiles) character file.

Game seed: 14034859341595544992

258 Peloso the Covered (level 5, 0/47 HPs)
             Began as a Minotaur Fighter on May 22, 2022.
             Slain by an orc wizard
             ... wielding a +0 dagger
              (1 damage)
             ... on level 3 of the Dungeon.
             The game lasted 00:05:27 (2301 turns).

Peloso the Covered (Minotaur Fighter)               Turns: 2301, Time: 00:05:27

Health: 0/47       AC: 13    Str: 21    XL:     5   Next: 94%
Magic:  4/4        EV:  8    Int:  5    God:
Gold:   115        SH:  4    Dex: 11    Spells: 4/4 levels left

rFire   . . .      SeeInvis .   a - +0 long sword
rCold   . . .      Faith    .   c - +0 buckler
rNeg    . . .      Spirit   .   k - +0 chain mail
rPois   .          Reflect  .   (helmet restricted)
rElec   .          Harm     .   (no cloak)
rCorr   .          Rampage  .   p - +1 pair of gloves
Will    .....                   l - +0 pair of boots
Stlth   ..........              (no amulet)
HPRegen 0.15/turn               (no ring)
MPRegen 0.09/turn               (no ring)

@: hasted, very quick
A: horns 2, retaliatory headbutt
a: no special abilities


You were on level 3 of the Dungeon.
You visited 1 branch of the dungeon, and saw 3 of its levels.
You also visited: Sewer.

You collected 115 gold pieces.

Inventory:

Hand Weapons
 a - a +0 long sword (weapon)
Armour
 b - a +0 scale mail
 c - a +0 buckler (worn)
 k - a +0 chain mail (worn)
 l - a +0 pair of boots (worn)
 p - a +1 pair of gloves (worn)
Scrolls
 e - a scroll of blinking {unknown}
 g - 3 scrolls of identify {unknown}
 h - a scroll of teleportation {unknown}
 q - a scroll of enchant armour {unknown}
Potions
 d - a potion of might
 f - a potion of haste
 i - a potion of brilliance {unknown}
 j - a potion of curing {unknown}
 m - a potion of degeneration {unknown}
 n - a potion of attraction {unknown}
 o - a potion of mutation {unknown}


   Skills:
 + Level 4.7 Fighting
 + Level 4.7 Long Blades
 + Level 5.2 Armour
 + Level 1.6 Dodging
 + Level 0.1 Stealth
 + Level 4.3 Shields


You had 4 spell levels left.
You didn't know any spells.
Your spell library contained the following spells:

 Spells                   Type           Power      Damage    Failure   Level
 Ignite Poison            Fire/Tmut/Pois 0%         N/A       100%        3
 Mephitic Cloud           Conj/Pois/Air  0%         N/A       100%        3
 Freezing Cloud           Conj/Ice/Air   0%         6-21      100%        5


Dungeon Overview and Level Annotations

Branches:
Dungeon (3/15)              Sewer (visited)

Altars:
Wu Jian
Xom

Shops:
D:1 ?


Innate Abilities, Weirdness & Mutations

You have a pair of horns on your head.
You reflexively headbutt those who attack you in melee.


Message History

You are confused.
The orc hits you with a +4 mace! The orc hits you with a +4 mace!
* * * LOW HITPOINT WARNING * * *
You barely miss the orc.
The orc is moderately wounded.
The orc wizard hits you but does no damage.
The orc hits you with a +4 mace.
* * * LOW HITPOINT WARNING * * *
Unknown command.
You feel less confused.
The orc wizard points at you and mumbles some strange words.
The magic dart hits you.
* * * LOW HITPOINT WARNING * * *
The orc hits you but does no damage.
Unknown command.
You closely miss the orc. You block the orc's attack.
Unknown command.
You closely miss the orc wizard.
The orc wizard is heavily wounded.
Something hits you but does no damage. The orc hits you but does no damage.
The orc wizard casts a spell at you.
The puff of flame hits you but does no damage.
Something hits you but does no damage.
Unknown command.
You hit the orc wizard. Your headbutt misses the orc wizard.
The orc wizard is heavily wounded.
The orc hits you with a +4 mace.
* * * LOW HITPOINT WARNING * * *
The orc closely misses you. You furiously retaliate!
You headbutt the orc, but do no damage.
The orc wizard hits you but does no damage.
You hear some strange, mumbled words.
Something tries to affect you, but you resist.
The orc hits you but does no damage. You block the orc's attack.
You feel yourself speed up.
The orc wizard hits you with a +0 dagger.
* * * LOW HITPOINT WARNING * * *
Something hits you.
You die...

####........#...............
#........#.............##
#........#...............
##.......#...............
#.......###.............
#.......# #........#....
#.......# #........#....
#......####........#..).
#......@................
#.....ooo...............
.....##...................
.....##...................
...........#...............
...........#...............
#.........#...............
........#...............
......###.......####....


You could see an orc wizard and 2 orcs.

Vanquished Creatures
  A water moccasin (Sewer)
  A bullfrog zombie (D:3)
  Terence (D:2)
  3 adders
  3 river rats (D:3)
  An orc (D:3)
  5 bats
  An endoplasm (D:1)
  2 giant cockroaches
  4 goblins
  4 hobgoblins
  3 jackals (D:3)
  A quokka (D:1)
  4 ball pythons
  2 frilled lizards
  5 kobolds
  7 rats
48 creatures vanquished.

Notes
Turn   | Place    | Note
-------+----------+-------------------------------------------
     0 | D:1      | Peloso the Minotaur Fighter began the quest for the Orb.
     0 | D:1      | Reached XP level 1. HP: 19/19 MP: 0/0
    85 | D:1      | Found Untunn's Magic Scroll Boutique.
   100 | D:1      | Reached XP level 2. HP: 27/27 MP: 1/1
  1060 | D:2      | Noticed Terence
  1064 | D:2      | Reached skill level 4 in Armour
  1079 | D:1      | Reached XP level 3. HP: 15/33 MP: 2/2
  1250 | D:2      | Killed Terence
  1335 | D:2      | Noticed an ogre
  1443 | D:3      | Found a shimmering altar of Xom.
  1447 | D:3      | Found an ornate altar of the Wu Jian Council.
  1546 | D:3      | Reached XP level 4. HP: 39/41 MP: 3/3
  1625 | D:3      | HP: 2/41 [poisoned by an adder]
  1646 | D:3      | Reached skill level 1 in Dodging
  1670 | D:3      | Found a glowing drain.
  1679 | Sewer    | Entered a sewer
  1885 | Sewer    | Noticed a water moccasin
  1895 | Sewer    | Killed a water moccasin
  1896 | Sewer    | Reached skill level 5 in Armour
  1896 | Sewer    | Reached XP level 5. HP: 25/47 MP: 4/4
  2301 | D:3      | HP: 1/47 [orc wizard/+0 dagger (4)]
  2301 | D:3      | Slain by an orc wizard

Illustrated notes

Levels and vault maps discovered:
D:1:      heliophobic_arrival_ceremonial_halls, layout_basic, serial_shops,
          shop_fountains, corexii_corridor_pit, minmay_misc_feat_square,
          minmay_statues_item
D:2:      layout_rooms, ebering_ecumenical_altar_box, uniq_terence, uniq_jessica
D:3:      layout_basic, nicolae_overflow_hidden_temple, portal_sewer_entry_e

Skill      XL: |  1  2  3  4 |
---------------+-------------+-----
Fighting       | 4 |  4.7
Armour         | 4 5 |  5.2
Shields        | 4 |  4.3
Long Blades    | 3 4 |  4.7
Dodging        | 1 |  1.6
Stealth        | |  0.1

Action                   |  1- 3 |  4- 6 || total
-------------------------+-------+-------++-------
Melee: Long sword        |    66 |    79 ||   145
       Headbutt          |     9 |    10 ||    19
  Use: Potion            |       |     3 ||     3
Armor: Scale mail        |    14 |       ||    14
       Chain mail        |    32 |    81 ||   113
Dodge: Dodged            |    33 |    31 ||    64
Block: Buckler           |    23 |    18 ||    41
